 Dungeon Crawl Stone Soup version 0.30-a0-860-g512cf1e979 (webtiles) character file.

Game seed: 17454732099743709170

11492 jasper the Grappler (level 11, 0/110 HPs)
             Began as a Troll Artificer on Mar 7, 2023.
             Was an Initiate of Yredelemnul.
             Slain by a fire bat (4 damage)
             ... in a Gauntlet.
             The game lasted 00:18:41 (10046 turns).

jasper the Grappler (Troll Artificer)              Turns: 10046, Time: 00:18:42

Health: 0/110      AC: 15    Str: 22    XL:     11   Next: 50%
Magic:  11/11      EV: 13    Int:  7    God:    Yredelemnul [......]
Gold:   677        SH:  0    Dex: 14    Spells: 10/10 levels left

rFire   + . .      SeeInvis .      - Unarmed
rCold   + + .      Faith    .    (no shield)
rNeg    . . .      Spirit   .    O - +2 robe {rC+}
rPois   +          Reflect  .    (helmet restricted)
rElec   +          Rampage  .    p - +0 cloak
rCorr   +          NoTele   +    (gloves unavailable)
Will    .....                    (boots unavailable)
Stlth   +                        (no amulet)
HPRegen 1.18/turn                s - +4 ring of protection
MPRegen 0.12/turn                t - +4 ring of protection

@: resistant
A: large, unfitting armour, claws 3, regeneration 1, shaggy fur 1, tough skin 1
a: Renounce Religion, Recall Undead Harvest


You were in a Gauntlet.
You worshipped Yredelemnul.
Yredelemnul was noncommittal.
You visited 1 branch of the dungeon, and saw 11 of its levels.
You also visited: Bailey and Gauntlet.

You collected 677 gold pieces.

Inventory:

Missiles
 i - 4 silver javelins
 o - 4 large rocks (quivered)
 y - 19 poisoned darts
 A - 3 javelins
Armour
 b - a +0 robe
 k - an orb of guile
 p - a +0 cloak (worn)
 E - a +0 buckler
 O - a +2 robe of cold resistance (worn)
Jewellery
 j - a ring of willpower
 s - a +4 ring of protection (left claw)
 t - a +4 ring of protection (right claw)
Wands
 c - a wand of flame (7)
 d - a wand of charming (15)
 e - a wand of iceblast (18)
 q - a wand of digging (4)
 B - a wand of mindburst (19)
 F - a wand of quicksilver (12)
Scrolls
 a - 3 scrolls of fear
 f - 5 scrolls of fog
 g - 2 scrolls of poison
 m - 4 scrolls of teleportation
 u - 4 scrolls of amnesia
 w - 2 scrolls of immolation
 J - a scroll of vulnerability {unknown}
 L - a scroll of enchant armour {unknown}
 M - a scroll of identify
Potions
 h - 3 potions of degeneration
 l - 8 potions of mutation
 n - 2 potions of attraction
 r - 2 potions of brilliance
 v - 4 potions of magic
 z - a potion of curing
 C - a potion of lignification
 D - 2 potions of might {unknown}
 G - 4 potions of haste {unknown}
 H - 3 potions of invisibility
 I - a potion of berserk rage {unknown}
 K - a potion of flight {unknown}


   Skills:
 + Level 7.7 Fighting
 + Level 8.0 Dodging
 - Level 0.3 Stealth
 * Level 12.8 Unarmed Combat
 + Level 1.8 Invocations
 - Level 2.1 Evocations


You had 10 spell levels left.
You didn't know any spells.
Your spell library contained the following spells:

 Spells                   Type           Power      Damage    Failure   Level
 Apportation              Tloc           0%         N/A       43%         1
 Magic Dart               Conj           0%         1d3       43%         1
 Blink                    Tloc           0%         N/A       56%         2
 Lesser Beckoning         Tloc           0%         N/A       56%         2
 Momentum Strike          Conj/Tloc      0%         3d8       56%         2
 Scorch                   Fire           0%         2d5       56%         2
 Searing Ray              Conj           0%         2d4       56%         2
 Flame Wave               Conj/Fire      0%         2d4       99%         4
 Fulminant Prism          Conj/Hex       0%         3d5       99%         4
 Alistair's Intoxication  Tmut/Pois      0%         N/A       100%        5
 Summon Cactus Giant      Summ           0%         N/A       100%        6


Dungeon Overview and Level Annotations

Branches:
Dungeon (11/15)            Temple (0/1) D:4            Lair (0/5) D:8
    Orc (0/2) D:11         Bailey (visited)         Gauntlet (1/1)

Altars:
Elyvilon
Gozag
Nemelex Xobeh
Okawaru
Qazlal
Ru
Sif Muna
Uskayaw
Yredelemnul
Zin

Annotations:
Gauntlet 11 transporters, 2 runed translucent doors


Innate Abilities, Weirdness & Mutations

You are too large for most types of armour.
You have claws for hands.
Your natural rate of healing is unusually fast.
You are covered in fur. (AC +1)
You have tough skin. (AC +1)


Message History

The fire bat closely misses you. The fire bat barely misses you.
The fire crab bites you but does no damage.
The fire crab claws you but does no damage.
The fire bat bites you.
You are engulfed in flames.
You resist.
You take 3 damage, and have 37/110 hp.
You scratch the fire crab but do no damage.
The fire crab is moderately wounded.
The fire bat bites you but does no damage. x2
The fire bat bites you.
* * * LOW HITPOINT WARNING * * *
You are engulfed in flames.
You resist.
* * * LOW HITPOINT WARNING * * *
You take 8 damage, and have 29/110 hp.
You claw the fire crab!
The fire crab is severely wounded.
The fire bat barely misses you.
The fire bat bites you but does no damage. x2
The fire crab bites you!
* * * LOW HITPOINT WARNING * * *
You are engulfed in flames.
You resist.
* * * LOW HITPOINT WARNING * * *
The fire crab barely misses you.
You take 14 damage, and have 15/110 hp.
You claw the fire crab!
The fire crab is almost dead.
The fire bat bites you but does no damage. x2
The fire bat completely misses you. The fire bat barely misses you.
The fire bat bites you but does no damage.
The fire crab breathes flames at you. The blast of flame engulfs you.
You resist.
* * * LOW HITPOINT WARNING * * *
The fire bat bites you but does no damage.
You closely miss the fire crab.
The fire crab is almost dead.
You are engulfed in blazing flames.
You resist.
* * * LOW HITPOINT WARNING * * *
The fire bat misses you. The fire bat closely misses you.
The fire bat bites you.
You die...
Your body rises from the dead as a mindless zombie.

..#.#≈≈≈#.#......#©#......≈#
..#.#.©.#.#..###########..##
..#.+...+.#..#..?.©/...#..≈#
..#.#####.#..#...#.#...#..##
..#.p55..5#..#....#....#..≈#
..#########..#.#..#..#.#..##
......©......#.#######.#..§#
...........∩.#○#○b#..#.#..##
≈#≈#≈#≈#≈#≈..#.b@b#....#..§#
###########..#○○t###...#..##
#≈..#..○○.....#..§#
##..###########..##
#≈.∩.....©.......≈#
##..............§##
##≈#≈#≈#≈#≈#≈#§##
###############


You could see a fire crab, 3 fire bats and a shadow imp.

Vanquished Creatures
  Josephine (D:10)
  A boulder beetle (D:11)
  Psyche (D:10)
  Grinder (D:6)
  5 wraiths (D:10)
  4 steam dragons
  17 yaks
  3 water moccasins
  3 orc warriors
  2 black bears (D:8)
  2 ice beasts
  An ogre (D:11)
  2 phantoms
  3 centaurs
  8 bullfrogs
  2 scorpions
  13 wights
  9 killer bees
  5 howler monkeys
  A gnoll bouda (D:5)
  A jelly (D:6)
  5 orc priests
  5 hounds
  A sleepcap (D:6)
  3 iguanas
  5 orc wizards
  Robin (D:4)
  15 gnolls
  5 adders
  2 shadow imps
  A worm (D:4)
  3 dart slugs
  47 orcs
  5 ball pythons
  6 endoplasms
  4 giant cockroaches
  15 goblins
  5 hobgoblins
  6 jackals
  3 bats
  2 frilled lizards
  15 kobolds
  6 rats
245 creatures vanquished.

Vanquished Creatures (collateral kills)
  An orc knight (Bailey)
  Joseph (D:10)
  A troll (D:11)
  A water moccasin (D:8)
  An orc warrior (D:10)
  A black bear (D:8)
  2 kobold brigands
  3 bullfrogs
  An orc priest (D:7)
  An iguana (D:5)
  4 orc wizards
  A gnoll (D:6)
  A shadow imp (D:6)
  16 orcs
  2 endoplasms
  A goblin (D:11)
  3 hobgoblins
  4 kobolds
  A rat (D:2)
46 creatures vanquished.

Vanquished Creatures (others)
  2 bullfrog zombies
  A scorpion zombie (D:8)
  2 killer bee zombies (D:11)
  A howler monkey zombie (D:10)
  A spectral shadow imp (D:8)
  2 gnoll zombies (Bailey)
  2 hobgoblin zombies
  15 orc zombies
  4 demonic plants (D:2)
  40 fungi
  24 plants
  3 withered plants (D:2)
97 creatures vanquished.

Grand Total: 388 creatures vanquished

Notes
Turn   | Place    | Note
-------+----------+-------------------------------------------
     0 | D:1      | jasper the Troll Artificer began the quest for the Orb.
     0 | D:1      | Reached XP level 1. HP: 18/18 MP: 0/0
    65 | D:1      | Reached skill level 1 in Fighting
    65 | D:1      | Reached skill level 1 in Unarmed Combat
    65 | D:1      | Reached XP level 2. HP: 17/27 MP: 1/1
   489 | D:1      | Reached XP level 3. HP: 33/33 MP: 2/2
   624 | D:2      | Reached skill level 2 in Unarmed Combat
   718 | D:2      | You fall into a shaft and drop 1 floor!
   744 | D:3      | Reached XP level 4. HP: 29/42 MP: 3/3
   785 | D:3      | Found a basalt altar of Yredelemnul.
   844 | D:3      | Became a worshipper of Yredelemnul the Dark
  1211 | D:3      | Reached * piety under Yredelemnul
  1650 | D:2      | Found a faded altar of an unknown god.
  1661 | D:2      | Reached skill level 3 in Unarmed Combat
  1999 | D:4      | Noticed a scorpion
  2029 | D:3      | Killed a scorpion
  2030 | D:3      | Reached XP level 5. HP: 11/49 MP: 4/4
  2128 | D:4      | Noticed Robin
  2146 | D:4      | Killed Robin
  2186 | D:4      | Found a sacrificial altar of Ru.
  2186 | D:4      | Found an opulent altar of Gozag.
  2187 | D:4      | Found an iron altar of Okawaru.
  2187 | D:4      | Found a white marble altar of Elyvilon.
  2187 | D:4      | Found a sparkling altar of Nemelex Xobeh.
  2591 | D:4      | Found a staircase to the Ecumenical Temple.
  2826 | D:5      | Entered Level 5 of the Dungeon
  2912 | D:5      | Noticed a steam dragon
  2914 | D:5      | Noticed a steam dragon
  2924 | D:5      | Killed a steam dragon
  2925 | D:5      | Reached skill level 4 in Unarmed Combat
  2925 | D:5      | Reached XP level 6. HP: 28/59 MP: 3/5
  2929 | D:5      | HP: 1/59 [steam dragon (5)]
  2934 | D:5      | Killed a steam dragon
  2935 | D:5      | Reached skill level 5 in Unarmed Combat
  3083 | D:5      | Reached XP level 7. HP: 65/67 MP: 6/6
  3170 | D:5      | Reached ** piety under Yredelemnul
  3258 | D:5      | Found a stormy altar of Qazlal.
  3354 | D:5      | Reached skill level 6 in Unarmed Combat
  3871 | D:6      | Reached XP level 8. HP: 48/78 MP: 7/7
  3920 | D:6      | Noticed Grinder
  3939 | D:6      | Paralysed by Grinder for 5 turns
  3947 | D:6      | Paralysed by Grinder for 2 turns
  3953 | D:6      | Killed Grinder
  3958 | D:6      | Reached skill level 7 in Unarmed Combat
  4551 | D:6      | Reached skill level 5 in Dodging
  5295 | D:7      | Reached skill level 8 in Unarmed Combat
  5335 | D:7      | Reached XP level 9. HP: 67/87 MP: 8/8
  5483 | D:7      | Found a hide-covered altar of Uskayaw.
  5612 | D:7      | Reached skill level 5 in Fighting
  5626 | D:7      | Reached *** piety under Yredelemnul
  5791 | D:7      | Found a shimmering blue altar of Sif Muna.
  5979 | D:8      | Reached skill level 9 in Unarmed Combat
  6248 | D:8      | Found a glowing silver altar of Zin.
  6263 | D:8      | Reached skill level 10 in Unarmed Combat
  6278 | D:8      | Found a staircase to the Lair.
  6301 | D:8      | Reached **** piety under Yredelemnul
  6302 | D:8      | Reached XP level 10. HP: 98/98 MP: 9/9
  6410 | D:8      | Reached ***** piety under Yredelemnul
  6601 | D:8      | Found a flagged portal.
  6613 | Bailey   | Entered a bailey
  6918 | Bailey   | Noticed an orc knight
  6968 | Bailey   | Killed an orc knight
  7480 | D:9      | Reached skill level 11 in Unarmed Combat
  8280 | D:10     | Entered Level 10 of the Dungeon
  8315 | D:10     | Noticed Josephine
  8326 | D:10     | Killed Josephine
  8540 | D:10     | Reached skill level 12 in Unarmed Combat
  8545 | D:10     | Reached XP level 11. HP: 99/109 MP: 10/10
  8611 | D:10     | Reached ****** piety under Yredelemnul
  8644 | D:10     | Noticed Joseph
  8654 | D:10     | Killed Joseph
  8690 | D:10     | Noticed Psyche
  8697 | D:10     | Killed Psyche
  9025 | D:10     | Reached skill level 1 in Invocations
  9624 | D:11     | Noticed a boulder beetle
  9656 | D:11     | Found a staircase to the Orcish Mines.
  9666 | D:11     | Killed a boulder beetle
  9830 | D:11     | Found a gate leading to a gauntlet.
  9843 | Gauntlet | Entered a Gauntlet
  9843 | Gauntlet | Noticed a fire crab
  9843 | Gauntlet | Found a transporter.
  9843 | Gauntlet | Found a runed translucent door.
  9843 | Gauntlet | Found a transporter.
  9843 | Gauntlet | Found a transporter.
  9843 | Gauntlet | Found a runed translucent door.
  9844 | Gauntlet | Found a transporter.
  9844 | Gauntlet | Noticed a wizard
  9845 | Gauntlet | Found a transporter.
  9848 | Gauntlet | Found a transporter.
  9855 | Gauntlet | Found a transporter.
  9855 | Gauntlet | Noticed a tengu warrior
  9856 | Gauntlet | Found a transporter.
  9857 | Gauntlet | Found a transporter.
  9859 | Gauntlet | Found a transporter.
  9861 | Gauntlet | Noticed a ghost crab
  9865 | Gauntlet | Noticed a green death
  9868 | Gauntlet | Found a transporter.
  9868 | Gauntlet | Found a transporter.
 10046 | Gauntlet | HP: 3/110 [fire crab] (12)]
 10046 | Gauntlet | Slain by a fire bat

Illustrated notes

Levels and vault maps discovered:
D:1:      beargit_arrival_greenhouse, layout_rooms
D:2:      layout_rooms, shapermc_ecumenical_altar_gd, serial_rivers,
          chequers_serial_rivers_micro_c, chequers_serial_rivers_micro_d,
          chequers_serial_rivers_large_a, chequers_serial_rivers_large_b
D:3:      layout_loops_ring, mainiacjoe_overflow_24_doors,
          minmay_misc_feat_roman
D:4:      layout_loops_ring, grunt_temple_overflow_open,
          minmay_temple_entry_junction, dk_noncrumbling_2, uniq_robin
D:5:      kennysheep_steamy, layout_loops_ring,
          mainiacjoe_overflow_concentric_impassable
D:6:      layout_layer_cave, kennysheep_generic_room_7, uniq_grinder
D:7:      layout_loops_ring, mainiacjoe_overflow_surrounded_room,
          nicolae_sif_muna_condensation
D:8:      layout_cave_pools, amcnicky_altar_gilded, due_lair_maze_entry_diamond,
          enter_bailey_4
D:9:      layout_rooms
D:10:     layout_rooms, uniq_psyche, uniq_joseph, uniq_josephine
D:11:     layout_layer_cave, erik_orc_3, gauntlet_entry_generic,
          kennysheep_flooded_box
Gauntlet: minmay_gauntlet_mixed_big_or_small [nicolae_gauntlet_arena_t_cross,
          minmay_gauntlet_arena_77_shame_cube, nicolae_gauntlet_swirl,
          minmay_gauntlet_arena_77_museum, gammafunk_gauntlet_arena_grid,
          minmay_gauntlet_arena_77_tiled_triplets,
          dreamdust_gauntlet_exit_labyrinth]

Skill      XL: |  1  2  3  4  5  6  7  8  9 10 11 |
---------------+----------------------------------+-----
Fighting       | 1 2 3 4 6 7 |  7.7
Dodging        | 2 3 4 5 6 7 8 |  8.0
Unarmed Combat | 1 2 3 4 5 6 8 10 12 | 12.8
Invocations    | 1 |  1.8
Stealth        | |  0.3
Evocations     | |  2.1

Action                     |  1- 3 |  4- 6 |  7- 9 | 10-12 || total
---------------------------+-------+-------+-------+-------++-------
  Melee: Unarmed           |    89 |   128 |   251 |   270 ||   738
         Punch             |       |     1 |     8 |    19 ||    28
  Throw: Stone             |    13 |       |       |       ||    13
         Large rock        |     1 |     1 |     2 |       ||     4
 Invoke: Recall Undead Har |       |     3 |     3 |     2 ||     8
         Dark Bargain      |       |       |     3 |    13 ||    16
  Evoke: Wand              |     8 |       |     3 |     4 ||    15
    Use: Scroll            |       |    15 |       |     5 ||    20
         Potion            |       |     4 |     1 |     4 ||     9
   Stab: Sleeping          |       |     2 |       |     6 ||     8
         Distracted        |       |       |     3 |     1 ||     4
 Armour: Robe              |    31 |    55 |   129 |   115 ||   330
  Dodge: Dodged            |    40 |    87 |   143 |   184 ||   454

Table legend: (Time is in decaauts)
 A = Elapsed time spent in this place.
 B = Non-inter-level travel time spent in this place.
 C = Inter-level travel time spent in this place.
 D = Time resting spent in this place.
 E = Time spent auto-exploring this place.
 F = Levels seen in this place.
 G = Mean time per level.
                   A        B        C        D        E       F      G
               +--------+--------+--------+--------+--------+-----+--------+
         Total |   9983 |   9519 |    464 |   1420 |   6037 |  13 |  767.9 |
       Dungeon |   9154 |   8690 |    464 |   1203 |   5677 |  11 |  832.2 |
        Bailey |    628 |    628 |      0 |    217 |    236 |   1 |  628.0 |
      Gauntlet |    200 |    200 |      0 |      0 |    124 |   1 |  200.0 |
               +--------+--------+--------+--------+--------+-----+--------+

Top non-repeatable levels by time:
     D:6: 1420 daAuts
    D:10: 1250 daAuts
     D:5: 996 daAuts
     D:9: 862 daAuts
     D:8: 802 daAuts
     D:4: 782 daAuts
     D:3: 753 daAuts
     D:2: 707 daAuts
     D:7: 705 daAuts
  Bailey: 628 daAuts
     D:1: 579 daAuts
    D:11: 296 daAuts
Gauntlet: 200 daAuts
